 Dungeon Crawl Stone Soup version 0.28.0 (webtiles) character file.

Game seed: 4748582030542873532

57358 mkm the Basher (level 14, -2/199 HPs)
             Began as a Minotaur Berserker on Feb 13, 2022.
             Was a High Priest of Trog.
             Succumbed to a skeletal warrior's poison
             ... on level 12 of the Dungeon.
             The game lasted 00:46:36 (23863 turns).

mkm the Basher (Minotaur Berserker)                Turns: 23863, Time: 00:46:37

Health: -2/199     AC: 24    Str: 27    XL:     14   Next: 45%
Magic:  13/13      EV: 12    Int:  4    God:    Trog [*****.]
Gold:   810        SH:  5    Dex: 10    Spells: 13/13 levels left

rFire   . . .      SeeInvis .   M - +4 battleaxe (vamp)
rCold   . . .      Faith    .   (shield currently unavailable)
rNeg    . . .      Spirit   .   n - +0 plate armour
rPois   .          Reflect  +   G - +1 hat
rElec   .          Harm     .   v - +0 cloak
rCorr   .          Rampage  .   F - +2 pair of gloves
Will    +....                   I - +0 pair of boots
Stlth   ..........              N - amulet of reflection
HPRegen 0.43/turn               (no ring)
MPRegen 0.13/turn               (no ring)

@: berserking, lethally poisoned (-2 -> -29), very quick
A: horns 2, retaliatory headbutt
a: Renounce Religion, Berserk, Trog's Hand, Brothers in Arms


You were on level 12 of the Dungeon.
You worshipped Trog.
Trog was extremely pleased with you.
You visited 2 branches of the dungeon, and saw 18 of its levels.

You collected 1182 gold pieces.
You spent 372 gold pieces at shops.

Inventory:

Hand Weapons
 p - a +5 flail of holy wrath
 M - a +4 vampiric battleaxe (weapon)
 P - a +2 antimagic battleaxe
Missiles
 C - 4 throwing nets (quivered)
Armour
 n - a +0 plate armour (worn)
 v - a +0 cloak (worn)
 D - +0 acid dragon scales
 F - a +2 pair of gloves (worn)
 G - a +1 hat (worn)
 I - a +0 pair of boots (worn)
Jewellery
 A - an amulet of magic regeneration
 K - a +6 ring of intelligence
 N - an amulet of reflection (around neck)
Wands
 a - a wand of charming (12)
 b - a wand of paralysis (12)
 e - a wand of flame (31)
 o - a wand of polymorph (15)
 w - a wand of acid (5)
 z - a wand of mindburst (13)
Scrolls
 j - a scroll of amnesia {unknown}
 k - 4 scrolls of immolation
 m - 4 scrolls of fear
 q - 9 scrolls of teleportation
 r - a scroll of acquirement {unknown}
 s - 3 scrolls of fog
 t - a scroll of torment {unknown}
 x - 2 scrolls of magic mapping {unknown}
 y - 2 scrolls of enchant weapon
 B - a scroll of summoning {unknown}
 E - 5 scrolls of enchant armour
 L - a scroll of blinking {unknown}
Potions
 c - 2 potions of berserk rage
 f - 12 potions of curing
 h - 2 potions of flight
 i - a potion of lignification
 l - 8 potions of heal wounds
 u - 2 potions of might
 J - a potion of cancellation
Miscellaneous
 g - a lightning rod (4/4)


   Skills:
 + Level 14.7 Fighting
 + Level 11.3(14.5) Axes
 + Level 14.8(16.2) Maces & Flails
 + Level 14.5 Armour
 + Level 13.4 Dodging


You had 13 spell levels left.
You didn't know any spells.
Your spell library was empty.

Dungeon Overview and Level Annotations

Branches:
Dungeon (12/15)            Temple (0/1) D:4            Lair (6/6) D:10
 Shoals (0/4) Lair:4       Spider (0/4) Lair:3        Slime (0/5) Lair:6
    Orc (0/2) D:10

Altars:
Cheibriados
Dithmenos
Elyvilon
Kikubaaqudgha
Nemelex Xobeh
Okawaru
Ru
Trog
Uskayaw
Vehumet
Zin
The Shining One
Beogh
Jiyva
Lugonu

Shops:
D:6 :(   D:8 :(?*   D:11 ?

Annotations:
D:3 Grinder
D:5 exclusion: statue
Lair:1 1 runed translucent door, Bodigarde's ghost, journeyman PaBe


Innate Abilities, Weirdness & Mutations

You have a pair of horns on your head.
You reflexively headbutt those who attack you in melee.


Message History

* * * LOW HITPOINT WARNING * * *
You feel extremely sick.
The skeletal warrior hits you with a +2 trident of venom.
* * * LOW HITPOINT WARNING * * *
You are more poisoned.
A red film seems to cover your vision as you go berserk!
You feel yourself moving faster!
You feel mighty!
* * * LOW HITPOINT WARNING * * *
You feel extremely sick.
The skeletal warrior closely misses you.
You slash the skeletal warrior! You headbutt the skeletal warrior.
The skeletal warrior is severely damaged.
* * * LOW HITPOINT WARNING * * *
You feel very sick.
The skeletal warrior hits you with a +2 trident of venom.
* * * LOW HITPOINT WARNING * * *
You are more poisoned.
You closely miss the skeletal warrior.
The skeletal warrior is severely damaged.
* * * LOW HITPOINT WARNING * * *
You feel very sick.
The skeletal warrior hits you with a +2 trident of venom.
* * * LOW HITPOINT WARNING * * *
You are more poisoned.
You are too berserk!
You slash the skeletal warrior!
You headbutt the skeletal warrior, but do no damage.
The skeletal warrior is severely damaged.
* * * LOW HITPOINT WARNING * * *
You feel very sick.
You closely miss the skeletal warrior. You headbutt the skeletal warrior.
The skeletal warrior is severely damaged.
* * * LOW HITPOINT WARNING * * *
You feel very sick. The skeletal warrior barely misses you.
You slice the skeletal warrior!!
You feel the power of Trog in you as your rage grows.
You destroy the skeletal warrior!
Trog accepts your kill.
You die...

##################
#.................
#.######..........
#<# #..........
#.# #..........
#.# #..........
#.# #..........
#@# #..........
#)# #..........
#.# #....>.....
#.. .............
... .............
.....###########).
#### #.. #.. #..


There were no monsters in sight!

Vanquished Creatures
  Gastronok (Lair:1)
  A dire elephant (Lair:6)
  Josephine (D:10)
  A boulder beetle (Lair:5)
  A hydra (Lair:6)
  2 catoblepae
  A two-headed ogre (D:11)
  A deep troll shaman (Lair:6)
  14 death yaks
  Nergalle (Lair:1)
  4 skeletal warriors (D:12)
  3 lindwurms
  A deep elf pyromancer (D:11)
  An oklob plant (Lair:5)
  2 ugly things
  2 manticores
  2 cyclopes
  13 elephants
  Joseph (Lair:1)
  4 black mambas
  11 cane toads
  3 kobold demonologists (D:11)
  6 komodo dragons
  4 rime drakes
  4 merfolk (Lair:4)
  A queen bee (Lair:2)
  6 meliai (Lair:2)
  4 polar bears
  5 trolls
  9 blink frogs
  A slime creature (Lair:6)
  Sigmund (D:6)
  34 yaks
  A vampire (D:9)
  4 wraiths (D:10)
  5 basilisks
  5 wyverns
  3 wargs (D:10)
  2 acid dragons
  Edmund (D:4)
  22 water moccasins
  Duvessa (D:7)
  4 orc warriors
  A sky beast (D:5)
  3 black bears
  A necrophage (D:5)
  10 wolves
  2 ogres
  A centaur (D:8)
  2 phantoms (D:7)
  6 kobold brigands
  10 bullfrogs
  3 gnoll sergeants
  A scorpion (D:5)
  Dowan (D:7)
  29 killer bees
  15 wights
  3 howler monkeys
  6 centaur zombies
  A bullfrog zombie (D:6)
  A bullfrog skeleton (D:4)
  4 hounds
  4 centaur skeletons
  14 orc priests
  Ijyb (D:3)
  2 iguanas
  12 orc wizards
  5 hell rats (Lair:3)
  A hound skeleton (D:4)
  A howler monkey zombie (D:6)
  2 howler monkey skeletons (D:7)
  17 gnolls
  6 adders
  An adder zombie (D:2)
  2 adder skeletons (D:2)
  A worm (D:2)
  34 orcs
  9 ball pythons
  2 bats (D:1)
  5 endoplasms
  3 giant cockroaches
  9 goblins
  5 hobgoblins
  2 quokkas
  A ball python skeleton (D:2)
  A ball python zombie (D:2)
  2 frilled lizards (D:1)
  A giant cockroach zombie (D:2)
  A jackal skeleton (D:2)
  12 kobolds
  A quokka skeleton (D:2)
  5 rats
456 creatures vanquished.

Vanquished Creatures (others)
  A butterfly (D:7)
  8 demonic plants (D:11)
  33 fungi
  39 plants
81 creatures vanquished.

Grand Total: 537 creatures vanquished

Notes
Turn   | Place    | Note
-------+----------+-------------------------------------------
     0 | D:1      | mkm the Minotaur Berserker began the quest for the Orb.
     0 | D:1      | Reached XP level 1. HP: 19/19 MP: 0/0
   258 | D:1      | Reached XP level 2. HP: 27/27 MP: 1/1
  1120 | D:2      | Reached XP level 3. HP: 33/33 MP: 2/2
  1243 | D:2      | Reached ** piety under Trog
  1485 | D:2      | Found a faded altar of an unknown god.
  1645 | D:3      | Reached skill level 1 in Axes
  1645 | D:3      | Reached XP level 4. HP: 27/40 MP: 3/3
  1802 | D:3      | Noticed Grinder
  2500 | D:3      | Reached XP level 5. HP: 40/47 MP: 4/4
  2843 | D:3      | Noticed Ijyb
  2863 | D:3      | Killed Ijyb
  2864 | D:3      | Reached XP level 6. HP: 52/55 MP: 5/5
  3030 | D:4      | Noticed Edmund
  3040 | D:4      | Killed Edmund
  3041 | D:4      | Reached skill level 5 in Fighting
  3041 | D:4      | Reached skill level 5 in Maces & Flails
  3128 | D:4      | Found a staircase to the Ecumenical Temple.
  3515 | D:4      | Found a sparkling altar of Nemelex Xobeh.
  3723 | D:4      | Found a glowing golden altar of the Shining One.
  4044 | D:4      | Found a shadowy altar of Dithmenos.
  4134 | D:4      | Reached XP level 7. HP: 61/61 MP: 6/6
  4215 | D:5      | Entered Level 5 of the Dungeon
  4293 | D:5      | Reached skill level 5 in Armour
  4526 | D:5      | Found a radiant altar of Vehumet.
  4608 | D:5      | Reached skill level 5 in Dodging
  4818 | D:6      | Reached XP level 8. HP: 33/71 MP: 7/7
  4830 | D:6      | Reached *** piety under Trog
  4940 | D:6      | Noticed Sigmund
  5148 | D:6      | Killed Sigmund
  5349 | D:6      | Found Wamaih's Antique Weapon Shop.
  5641 | D:6      | Found Tihoamouf's Book Boutique.
  5965 | D:6      | Found a bloodstained altar of Trog.
  6012 | D:7      | Reached XP level 9. HP: 57/79 MP: 8/8
  6764 | D:7      | Found a white marble altar of Elyvilon.
  6831 | D:7      | Found a hide-covered altar of Uskayaw.
  6924 | D:7      | Noticed Duvessa
  6924 | D:7      | Noticed Dowan
  6930 | D:7      | Killed Duvessa
  6932 | D:7      | Killed Dowan
  7014 | D:7      | Reached **** piety under Trog
  7343 | D:8      | Noticed a white ugly thing
  7594 | D:7      | Killed a white ugly thing
  8161 | D:8      | Found Fyhiugumn's Book Emporium.
  8171 | D:8      | Found Haifas's Weapon Shoppe.
  8171 | D:8      | Found Naummes's Magic Scroll Boutique.
  8173 | D:8      | Found Geloch's General Store.
  8185 | D:8      | Bought a scroll of brand weapon for 220 gold pieces
  8187 | D:8      | Bought a scroll of identify for 26 gold pieces
  8566 | D:8      | Reached XP level 10. HP: 39/91 MP: 9/9
  9653 | D:8      | Found a snail-covered altar of Cheibriados.
 10062 | D:9      | Found a sacrificial altar of Ru.
 11051 | D:10     | Entered Level 10 of the Dungeon
 11155 | D:10     | Reached skill level 10 in Maces & Flails
 11346 | D:10     | Found an ancient bone altar of Kikubaaqudgha.
 11366 | D:10     | Reached skill level 10 in Fighting
 11787 | D:10     | Found a staircase to the Lair.
 11825 | D:10     | Found a staircase to the Orcish Mines.
 11951 | D:10     | Noticed Josephine
 11962 | D:10     | Killed Josephine
 11963 | D:10     | Reached skill level 10 in Armour
 11984 | D:10     | Reached XP level 11. HP: 69/101 MP: 10/10
 12079 | D:10     | Found a glowing silver altar of Zin.
 12213 | D:10     | Found an iron altar of Okawaru.
 12563 | D:11     | Found a corrupted altar of Lugonu.
 12602 | D:11     | Reached ***** piety under Trog
 12793 | D:11     | Noticed a cyan ugly thing
 12859 | D:11     | Killed a cyan ugly thing
 12895 | D:11     | Noticed a deep elf pyromancer
 12912 | D:11     | Killed a deep elf pyromancer
 12930 | D:11     | Noticed a two-headed ogre
 12938 | D:11     | Killed a two-headed ogre
 12942 | D:11     | Reached skill level 5 in Axes
 13035 | D:11     | Reached skill level 10 in Dodging
 13082 | D:11     | Found Ologo's Magic Scroll Boutique.
 13194 | D:11     | Bought a scroll of identify for 22 gold pieces
 13194 | D:11     | Bought a scroll of identify for 22 gold pieces
 13194 | D:11     | Bought a scroll of enchant weapon for 82 gold pieces
 13624 | Lair:1   | Entered Level 1 of the Lair of Beasts
 13798 | Lair:1   | Noticed Nergalle
 13813 | Lair:1   | Killed Nergalle
 13906 | Lair:1   | Found a runed translucent door.
 13906 | Lair:1   | Noticed Bodigarde's ghost (journeyman PaBe)
 14323 | Lair:1   | Noticed a lindwurm
 14334 | Lair:1   | Killed a lindwurm
 14335 | Lair:1   | Reached XP level 12. HP: 74/112 MP: 11/11
 14560 | Lair:1   | Noticed Gastronok
 14572 | Lair:1   | Killed Gastronok
 14613 | Lair:1   | Noticed Joseph
 14626 | Lair:1   | Killed Joseph
 15051 | Lair:1   | You fall into a shaft and drop 1 floor!
 16349 | Lair:2   | Identified the +4 great sword of the Final Decision
                  | {vorpal, Fly rC++} (Trog gifted it to you on level 2 of the
                  | Lair of Beasts)
 16349 | Lair:2   | Received a gift from Trog
 17865 | Lair:3   | Found a hole to the Spider Nest.
 18272 | Lair:3   | Noticed a death yak
 18275 | Lair:3   | Noticed a death yak
 18276 | Lair:3   | Noticed a death yak
 18277 | Lair:3   | Noticed a death yak
 18490 | Lair:2   | Killed a death yak
 18495 | Lair:2   | Killed a death yak
 18496 | Lair:2   | Reached XP level 13. HP: 122/122 MP: 12/12
 20207 | Lair:4   | Found a staircase to the Shoals.
 21023 | Lair:5   | Reached skill level 10 in Axes
 21876 | Lair:5   | Received a gift from Trog
 22046 | Lair:5   | Reached XP level 14. HP: 78/132 MP: 13/13
 22338 | Lair:6   | Entered Level 6 of the Lair of Beasts
 22723 | Lair:6   | Found a runed translucent door.
 22727 | Lair:6   | Found a viscous altar of Jiyva.
 22736 | Lair:6   | Found a staircase to the Slime Pits.
 23401 | Lair:6   | Identified the +7 shortbow "Zemeciekk" {flame, Int+2}
 23408 | Lair:6   | Identified the +2 leather armour of Cuthy {Int+7 Dex-3 SInv
                  | Stlth+}
 23861 | D:12     | HP: 7/199 [poisoned by a skeletal warrior]
 23862 | D:12     | HP: 2/199 [poisoned by a skeletal warrior]
 23863 | D:12     | Succumbed to a skeletal warrior's poison

Illustrated notes

Levels and vault maps discovered:
D:1:      scummos_arrival_simple_fountains, layout_basic
D:2:      layout_loops_cross, serial_undead, serial_undead_a, serial_undead_c,
          serial_undead_d, serial_undead_f,
          hellmonk_ecumenical_altar_inner_sanctum
D:3:      layout_basic, kennysheep_generic_room_12, uniq_grinder, uniq_ijyb
D:4:      minmay_spotlight, layout_loops_ring, nicolae_tso_swordbearing_angel,
          nicolae_dithmenos_shadow_blocks, nemelex_spade_bored_becter,
          minmay_temple_entry_offerings, roderic_serpentine_path,
          hangedman_decor_opposing, uniq_edmund
D:5:      layout_rooms, vehumet_statue, chequers_serial_rivers_small_3
D:6:      layout_basic, lemuel_coloured_pillars_altar, serial_shops,
          nicolae_shop_behind_doors, nicolae_shop_behind_doors,
          minmay_unpleasant_kobolds, uniq_sigmund
D:7:      layout_rooms, nicolae_uskayaw_suspiria,
          nicolae_elyvilon_peaceful_grove, uniq_duvessa
D:8:      layout_cave_pods, kennysheep_little_box, grunt_ministairs_8,
          nicolae_wooded_promenade
D:9:      layout_stronghold, general_overflow_altar, enter_bailey_3,
          nicolae_elevator_lobby_plus
D:10:     layout_irregular_city, lemuel_round_altar, kiku_gazebo_pond_becter,
          zin_statuary, nicolae_overflow_hidden_temple,
          erik_lair_orcish_takeover, minmay_orc_entry_temple_small,
          minmay_misc_feat_tower, uniq_josephine
D:11:     kennysheep_kobold_lugonu_temple, layout_loops_cross, serial_shops,
          shop
D:12:     layout_small_grid, ebering_ghost_rock_garden
Lair:1:   beast_lair_carwin_large_2, layout_gridlike,
          nicolae_volcano_entry_vermiform, gammafunk_ghost_grave, uniq_joseph,
          uniq_gastronok, uniq_nergalle
Lair:2:   regret_index_combs_of_tragedy, layout_regular_city
Lair:3:   layout_chaotic_city, dummy_spider_entry, grunt_megastairs_4
Lair:4:   layout_gridlike, elwin_shoals_entry_stream
Lair:5:   layout_long_grid, hibernation_bobbens
Lair:6:   grunt_lair_end_beastmaster, layout_misc_corridors, slime_altar_2

Skill      XL: |  1  2  3  4  5  6  7  8  9 10 11 12 13 14 |
---------------+-------------------------------------------+-----
Maces & Flails | 4 5 6 7 9 10 11 13 14 | 14.8
Fighting       | 4 5 6 7 9 10 11 13 14 | 14.7
Armour         | 3 4 5 7 8 10 11 12 14 | 14.5
Axes           | 1 2 3 6 8 10 11 | 11.3
Dodging        | 3 4 5 6 8 9 10 11 12 13 | 13.4

Action                   |  1- 3 |  4- 6 |  7- 9 | 10-12 | 13-15 || total
-------------------------+-------+-------+-------+-------+-------++-------
Melee: Mace              |    69 |    60 |       |       |       ||   129
       Headbutt          |     7 |    13 |    38 |    95 |   116 ||   269
       Punch             |       |     1 |     2 |     3 |       ||     6
       Flail             |       |    18 |   249 |   211 |     8 ||   486
       Battleaxe         |       |       |       |   323 |   393 ||   716
Invok: Berserk           |       |     4 |     7 |     8 |     2 ||    21
       Trog's Hand       |       |       |     1 |     2 |       ||     3
  Use: Scroll            |       |       |     8 |    11 |     5 ||    24
 Stab: Petrified         |       |       |       |       |     1 ||     1
Armor: Animal skin       |    26 |       |       |       |       ||    26
       Plate armour      |       |    21 |   202 |   411 |   293 ||   927
Dodge: Dodged            |    77 |    29 |   133 |   324 |   263 ||   826
Block: Other             |       |       |       |       |    79 ||    79
       Reflection        |       |       |       |       |     1 ||     1
